 Dungeon Crawl Stone Soup version 0.31-a0-836-g3ceb0a68c4 (webtiles) character file.

Game seed: 4899922576919325857

1232 Kurtz the Chopper (level 8, -4/54 HPs)
             Began as an Octopode Fighter on Sept 26, 2023.
             Was a Believer of Okawaru.
             Slain by an ice beast (6 damage)
             ... on level 6 of the Dungeon.
             The game lasted 00:05:57 (5450 turns).

Kurtz the Chopper (Octopode Fighter)                Turns: 5450, Time: 00:05:58

Health: -4/54      AC:  1    Str: 16    XL:     8   Next: 48%
Magic:  8/10       EV: 17    Int:  8    God:    Okawaru [**....]
Gold:   300        SH: 15    Dex: 16    Spells: 7/7 levels left

rFire   . . .        B - +2 whip (drain)
rCold   . . .        j - +3 buckler of Mumblety Peg {rElec Int-2 Dex+3 SInv}
rNeg    + . .        (helmet restricted)
rPois   .            g - amulet of reflection
rElec   +            f - ring of positive energy
rCorr   .            (no ring)
SInv    +            (no ring)
Will    +....        (no ring)
Stlth   ++++         (no ring)
HPRegen 0.29/turn    (no ring)
MPRegen 0.12/turn    (no ring)
                     (no ring)

%: reflection
@: heroic, enlightened, flying
A: almost no armour, amphibious, 8 rings, camouflage 1, gelatinous body 1,
(nimble swimmer 1), tentacles
a: Renounce Religion, Heroism


You were on level 6 of the Dungeon.
You worshipped Okawaru.
Okawaru was pleased with you.
You visited 2 branches of the dungeon, and saw 7 of its levels.
You also visited: Ossuary.

You collected 300 gold pieces.

Inventory:

Hand Weapons
 a - a +0 war axe
 B - a +2 whip of draining (weapon)
Missiles
 l - 2 poisoned darts (quivered)
 s - 5 boomerangs
 D - a throwing net
Armour
 b - a +0 buckler
 j - the +3 buckler of Mumblety Peg (worn) {rElec Int-2 Dex+3 SInv}
   (You found it on level 2 of the Dungeon)

   Int-2:     It affects your intelligence (-2).
   Dex+3:     It affects your dexterity (+3).
   rElec:     It insulates you from electricity.
   SInv:      It lets you see invisible.
Jewellery
 f - a ring of positive energy (left tentacle)
 g - an amulet of reflection (around mantle)
 C - a +5 ring of evasion
Wands
 p - a wand of flame (25)
Scrolls
 d - 5 scrolls of teleportation
 e - a scroll of noise
 n - 2 scrolls of immolation
 r - 3 scrolls of amnesia
 t - 2 scrolls of fog
 u - 2 scrolls of summoning
 v - 2 scrolls of enchant weapon {unknown}
 x - 4 scrolls of identify
 y - 3 scrolls of fear {unknown}
 z - a scroll of blinking {unknown}
Potions
 c - 2 potions of might
 m - a potion of mutation {unknown}
 o - a potion of magic {unknown}
 q - 2 potions of curing
 w - a potion of attraction {unknown}
 A - a potion of berserk rage {unknown}


   Skills:
 * Level 4.8(9.8) Fighting
 * Level 7.6(12.6) Axes
 + Level 4.0(9.0) Dodging
 * Level 4.6(9.6) Shields
 * Level 3.1 Invocations


You had 7 spell levels left.
You didn't know any spells.
Your spell library contained the following spells:

 Spells                   Type           Power      Damage    Failure   Level
 Foxfire                  Conj/Fire      0%         2x1d4     45%         1
 Magic Dart               Conj           0%         1d3       45%         1
 Mephitic Cloud           Conj/Pois/Air  0%         N/A       83%         3
 Sigil of Binding         Hex            0%         N/A       83%         3
 Volatile Blastmotes      Fire/Tloc      0%         2d10      83%         3
 Dimensional Bullseye     Hex/Tloc       0%         N/A       99%         4
 Fulminant Prism          Conj/Hex       0%         3d5       99%         4
 Iskenderun's Mystic Bla  Conj/Tloc      0%         2d3       99%         4
 Leda's Liquefaction      Hex/Erth       0%         N/A       99%         4
 Plasma Beam              Fire/Air       0%         2x1d10    100%        6
 Starburst                Conj/Fire      0%         6d3       100%        6
 Call Imp                 Summ           Unusable   N/A       N/A         2
 Call Canine Familiar     Summ           Unusable   N/A       N/A         3

Dungeon Overview and Level Annotations

Branches:
Dungeon (6/15)             Temple (1/1) D:4         Ossuary (visited)

Altars:
Ashenzari
Cheibriados
Elyvilon
Fedhas
Gozag
Hepliaklqana
Kikubaaqudgha
Makhleb
Nemelex Xobeh
Okawaru
Qazlal
Ru
Sif Muna
Trog
Uskayaw
Vehumet
Wu Jian
The Shining One

Annotations:
D:5 3 runed translucent doors, Age's ghost, amateur MiFi


Innate Abilities, Weirdness & Mutations

You cannot wear most types of armour.
You are amphibious.
You can wear up to eight rings at the same time.
Your skin changes colour to match your surroundings (Stealth+).
Your rubbery body absorbs attacks. (AC +1, EV +1)
((You are camouflaged when in or above water. (Stealth+)))
You have tentacles for arms and can constrict up to eight enemies at once.


Message History

You constrict the water moccasin.
You feel very sick. You block the water moccasin's attack.
The ice beast hits you. The ice beast freezes you!
* * * LOW HITPOINT WARNING * * *
It was a potion of curing.
You feel better.
You constrict the water moccasin. The water moccasin barely misses you.
You block the ice beast's attack. You block the water moccasin's attack.
You hit the water moccasin. You squeeze the water moccasin.
The water moccasin is almost dead.
You constrict the water moccasin.
You kill the water moccasin!
Okawaru accepts your kill. You block the ice beast's attack.
You block the orc warrior's attack. The orc completely misses you.
Your Dodging skill increases to level 4!
Unknown command.
You gain the combat prowess of a mighty hero.
The orc hits you but does no damage. You block the ice beast's attack.
The orc warrior misses you.
You closely miss the orc warrior. You grab the orc warrior.
Your tentacle-slap misses the orc warrior.
You squeeze the orc warrior, but do no damage.
You constrict the orc warrior, but do no damage.
You hit the orc warrior. You drain the orc warrior.
You squeeze the orc warrior, but do no damage.
The orc warrior is moderately wounded.
You constrict the orc warrior, but do no damage.
You block the orc warrior's attack. The orc closely misses you.
The ice beast hits you.
* * * LOW HITPOINT WARNING * * *
The ice beast freezes you!
* * * LOW HITPOINT WARNING * * *
You barely miss the orc. You grab the orc. You squeeze the orc.
The orc is severely wounded.
You constrict the orc warrior, but do no damage.
You constrict the orc. The ice beast hits you.
* * * LOW HITPOINT WARNING * * *
The ice beast freezes you.
You die...

#.....
#..#..... ..#
#..#....##$.##.
##.............
##...........#
#....<......#
..#............
......o.Y......
......o@>......
...!...†.......
...............
...............
.....!.....$#..
...........## .
............
...#.......##


You could see an orc warrior (drained), an ice beast and an orc.

Vanquished Creatures
  2 water moccasins
  2 ice beasts (D:5)
  2 ogres
  A scorpion (D:5)
  2 orc priests
  A hound (D:5)
  A jelly (D:5)
  2 gnoll boudas
  A sleepcap (D:5)
  Terence (D:3)
  2 orc wizards (D:5)
  A mummy (Ossuary)
  12 gnolls
  3 adders
  A shadow imp (D:3)
  4 worms
  3 dart slugs
  18 orcs
  2 spectral bats (Ossuary)
  An endoplasm (D:2)
  2 giant cockroaches
  12 gnoll zombies (Ossuary)
  9 goblins
  6 hobgoblins
  2 jackals (D:2)
  5 quokkas
  6 ball pythons
  2 bats
  2 bat simulacra (Ossuary)
  7 frilled lizards
  2 goblin simulacra (Ossuary)
  6 goblin zombies (Ossuary)
  A hobgoblin zombie (Ossuary)
  10 kobolds
  4 kobold zombies (Ossuary)
  7 orc zombies (Ossuary)
  4 rats
  3 spectral goblins (Ossuary)
  6 spectral kobolds (Ossuary)
  4 spectral rats (Ossuary)
162 creatures vanquished.

Notes
Turn   | Place    | Note
-------+----------+-------------------------------------------
     0 | D:1      | Kurtz the Octopode Fighter began the quest for the Orb.
     0 | D:1      | Reached XP level 1. HP: 16/16 MP: 1/1
   102 | D:1      | Reached XP level 2. HP: 18/21 MP: 2/2
   245 | D:1      | Reached skill level 3 in Axes
   676 | D:2      | Reached XP level 3. HP: 26/26 MP: 3/3
   714 | D:2      | Identified the +3 buckler of Mumblety Peg {rElec Int-2
                  | Dex+3 SInv}
   766 | D:2      | Found an iron altar of Okawaru.
   784 | D:2      | Became a worshipper of Warmaster Okawaru
  1268 | D:3      | Noticed Terence
  1281 | D:3      | Killed Terence
  1282 | D:3      | Reached skill level 4 in Axes
  1282 | D:3      | Reached XP level 4. HP: 31/31 MP: 4/4
  1519 | D:3      | Found a shimmering blue altar of Sif Muna.
  1682 | D:3      | Found a faded altar of an unknown god.
  1687 | D:3      | Found a sparkling altar of Nemelex Xobeh.
  2092 | D:4      | Found a staircase to the Ecumenical Temple.
  2104 | D:4      | Reached XP level 5. HP: 36/36 MP: 5/5
  2228 | D:4      | Found a sand-covered staircase.
  2235 | Ossuary  | Entered an ossuary
  2392 | Ossuary  | Reached skill level 1 in Invocations
  2499 | Ossuary  | Reached skill level 5 in Axes
  3003 | Temple   | Entered the Ecumenical Temple
  3111 | Temple   | Reached XP level 6. HP: 28/42 MP: 6/6
  3629 | D:5      | Entered Level 5 of the Dungeon
  3651 | D:5      | Reached * piety under Okawaru
  3851 | D:5      | Reached skill level 6 in Axes
  4004 | D:5      | Found a white marble altar of Elyvilon.
  4004 | D:5      | Found a broken altar of Ashenzari.
  4021 | D:5      | Reached XP level 7. HP: 47/47 MP: 8/8
  4251 | D:5      | Reached ** piety under Okawaru
  4334 | D:5      | Found a runed translucent gate.
  4346 | D:5      | Found a runed translucent gate.
  4348 | D:5      | Found a runed translucent gate.
  4350 | D:5      | Noticed Age's ghost (amateur MiFi)
  4351 | D:5      | Identified the +0 scale mail of the Bull {Harm Will+ rCorr
                  | Dex-2}
  4392 | D:5      | Reached skill level 7 in Axes
  4392 | D:5      | Reached XP level 8. HP: 26/54 MP: 9/9
  4810 | D:5      | Found a hazy altar of Hepliaklqana.
  5443 | D:6      | HP: 1/54 [poisoned by a water moccasin]
  5450 | D:6      | HP: 2/54 [ice beast (2)]
  5450 | D:6      | Slain by an ice beast

Illustrated notes

Levels and vault maps discovered:
D:1:      eino_arrival_water_cross, layout_basic, hex_intersection
D:2:      layout_rooms, basic_altar, chequers_serial_rivers_small_3
D:3:      layout_basic, lemuel_doored_altar, nicolae_overflow_ecumenical_swirl,
          uniq_terence
D:4:      layout_basic, minmay_temple_entry_tees,
          lightli_ossuary_entry_decrepit_ruins, grunt_decor_arrowhead
D:5:      layout_loops_ring, mainiacjoe_overflow_paths,
          chequers_temple_overflow_statue_of_worship, biasface_ghost_orc_armoury
D:6:      layout_cave_pools, dk_yredelemnul_ordeal, nicolae_specific_store,
          serial_bayou_lagoon_a, kennysheep_small_spiral, solitary_fountain
Temple:   cyrus_circular_temple

Skill      XL: |  1  2  3  4  5  6  7  8 |
---------------+-------------------------+-----
Axes           | 3 4 5 6 7 |  7.6
Invocations    | 1 2 3 |  3.1
Fighting       | 4 |  4.8
Shields        | 4 |  4.6
Dodging        | 4 |  4.0

Action                     |  1- 3 |  4- 6 |  7- 9 || total
---------------------------+-------+-------+-------++-------
  Melee: War axe           |    68 |   183 |     2 ||   253
         Constrict         |    22 |    46 |    25 ||    93
         Tentacles         |     8 |    40 |    23 ||    71
         Punch             |       |     2 |     2 ||     4
         Whip              |       |       |    97 ||    97
 Invoke: Heroism           |       |       |     1 ||     1
  Evoke: Wand              |     1 |       |     2 ||     3
    Use: Scroll            |       |     6 |       ||     6
         Potion            |       |       |     3 ||     3
   Stab: Sleeping          |     9 |    12 |     4 ||    25
         Paralysed         |     4 |       |       ||     4
 Armour: Skin              |    20 |    46 |    29 ||    95
  Dodge: Dodged            |    32 |    68 |    32 ||   132
  Block: Buckler           |    10 |    95 |    53 ||   158
         Reflection        |       |     1 |     1 ||     2

Table legend: (Time is in decaauts)
 A = Elapsed time spent in this place.
 B = Non-inter-level travel time spent in this place.
 C = Inter-level travel time spent in this place.
 D = Time resting spent in this place.
 E = Time spent auto-exploring this place.
 F = Levels seen in this place.
 G = Mean time per level.
                   A        B        C        D        E       F      G
               +--------+--------+--------+--------+--------+-----+--------+
         Total |   5529 |   5195 |    334 |   1036 |   2928 |   8 |  691.1 |
       Dungeon |   4676 |   4342 |    334 |    719 |   2686 |   6 |  779.3 |
        Temple |    291 |    291 |      0 |    261 |      0 |   1 |  291.0 |
       Ossuary |    562 |    562 |      0 |     56 |    242 |   1 |  562.0 |
               +--------+--------+--------+--------+--------+-----+--------+

Top non-repeatable levels by time:
     D:5: 1707 daAuts
     D:4: 871 daAuts
     D:3: 797 daAuts
     D:1: 685 daAuts
     D:2: 595 daAuts
 Ossuary: 562 daAuts
  Temple: 291 daAuts
     D:6: 18 daAuts
